 Dungeon Crawl Stone Soup version 0.27-a0-412-g8dd771eca2 (webtiles) character file.

Game seed: 11450698429109899039

2 mobtown the Grave Robber (level 1, -2/10 HPs)
             Began as a Deep Elf Necromancer on Feb 23, 2021.
             Slain by a rat (3 damage)
             ... on level 1 of the Dungeon.
             The game lasted 00:01:00 (123 turns).

mobtown the Grave Robber (Deep Elf Necromancer)      Turns: 123, Time: 00:01:00

Health: -2/10      AC:  2    Str:  5    XL:     1   Next: 33%
Magic:  0/6        EV: 13    Int: 19    God:
Gold:   0          SH:  0    Dex: 15    Spells: 5/6 levels left

rFire    . . .     SeeInvis .   (no weapon)
rCold    . . .     Faith    .   (no shield)
rNeg     . . .     Spirit   .   a - +0 robe
rPois    .         Reflect  .   (no helmet)
rElec    .         Harm     .   (no cloak)
rCorr    .         Rampage  .   (no gloves)
Will     .....                  (no boots)
Stlth    ++........             (no amulet)
HPRegen  0.03/turn              (no ring)
MPRegen  0.10/turn              (no ring)

@: no status effects
A: no striking features
a: no special abilities


You were on level 1 of the Dungeon.
You visited 1 branch of the dungeon, and saw 1 of its levels.

Inventory:

Missiles
 b - a stone
Armour
 a - a +0 robe (worn)


   Skills:
 + Level 2.5 Dodging
 + Level 2.4 Stealth
 + Level 3.0 Spellcasting
 * Level 5.0 Necromancy


You had 5 spell levels left.
You knew the following spells:

 Your Spells              Type           Power        Failure   Level
a - Pain                  Necr           84%          1%          1

Your spell library contained the following spells:

 Spells                   Type           Power        Failure   Level
 Animate Skeleton         Necr           42%          1%          1
 Vampiric Draining        Necr           10%          6%          3
 Animate Dead             Necr           10%          19%         4
 Agony                    Necr           21%          47%         5


Dungeon Overview and Level Annotations

Branches:
Dungeon (1/15)

Altars:


Message History

Aim: a bat (severely wounded, chance to affect: 91%)
The bat writhes in agony.
You kill the bat!
Casting: Pain (safe; 1% risk of failure)
Confirm with . or Enter, or press ? or * to list all spells.
Aiming: Pain (safe; 1% risk of failure)
Press: ? - help, Shift-Dir - straight line, f - kobold
Aim: a kobold, wielding a +0 whip (chance to affect: 91%)
The kobold writhes in agony.
You kill the kobold!
Your Necromancy skill increases to level 5!
Casting: Pain (safe; 1% risk of failure)
Confirm with . or Enter, or press ? or * to list all spells.
You don't have enough magic to cast this spell.
Unknown command.
Casting: Pain (safe; 1% risk of failure)
Confirm with . or Enter, or press ? or * to list all spells.
You don't have enough magic to cast this spell.
Unknown command.
Casting: Pain (safe; 1% risk of failure)
Confirm with . or Enter, or press ? or * to list all spells.
You don't have enough magic to cast this spell.
Unknown command.
You barely miss the rat. The rat misses you.
You barely miss the rat. The rat bites you.
* * * LOW HITPOINT WARNING * * *
You hit the rat.
The rat is moderately wounded.
The rat bites you.
* * * LOW HITPOINT WARNING * * *
You hit the rat but do no damage.
The rat is moderately wounded.
The rat closely misses you.
Casting: Pain (safe; 1% risk of failure)
Confirm with . or Enter, or press ? or * to list all spells.
Aiming: Pain (safe; 1% risk of failure)
Press: ? - help, Shift-Dir - straight line, f - rat
Aim: a rat (moderately wounded, chance to affect: 91%)
The rat writhes in agony.
The rat bites you.
You die...

.# ### .#+###. #.. .......
#.# ....... ♣♣♣♣♣♣♣ #.#
....... ♣♣♣♣.....♣♣ #.#
..†....
..........♣♣♣♣#.###.......
......<......♣#.@r).......
..............#.###.......
................# .......
♣♣♣♣♣♣♣♣♣.......# .......
♣♣♣♣..### ....... ♣♣♣#
....... ####... ...


You could see a rat.

Vanquished Creatures
  A bat (D:1)
  A goblin (D:1)
  2 kobolds (D:1)
4 creatures vanquished.

Notes
Turn   | Place    | Note
-------+----------+-------------------------------------------
     0 | D:1      | mobtown the Deep Elf Necromancer began the quest for the
                  | Orb.
     0 | D:1      | Reached XP level 1. HP: 10/10 MP: 6/6
   117 | D:1      | Reached skill level 5 in Necromancy
   123 | D:1      | Slain by a rat

Illustrated notes

Levels and vault maps discovered:
D:1:      roderic_dead_forest, layout_basic

Skill      XL: |  1 |
---------------+----+-----
Necromancy     | 5 |  5.0
Dodging        | |  2.5
Stealth        | |  2.4
Spellcasting   | |  3.0

Action                   || total
-------------------------++-------
Melee: Unarmed           ||     4
 Cast: Pain              ||    10
Armor: Robe              ||     1
Dodge: Dodged            ||     6

Table legend: (Time is in decaauts)
 A = Elapsed time spent in this place.
 B = Non-inter-level travel time spent in this place.
 C = Inter-level travel time spent in this place.
 D = Time resting spent in this place.
 E = Time spent auto-exploring this place.
 F = Levels seen in this place.
 G = Mean time per level.
                   A        B        C        D        E       F      G
               +--------+--------+--------+--------+--------+-----+--------+
         Total |    123 |    123 |      0 |     89 |      9 |   1 |  123.0 |
       Dungeon |    123 |    123 |      0 |     89 |      9 |   1 |  123.0 |
               +--------+--------+--------+--------+--------+-----+--------+

Top non-repeatable levels by time:
     D:1: 123 daAuts
